[Event "127th NZ Congress Major 2020"]
[Site "Tauranga"]
[Date "2020.01.16"]
[Round "1.1"]
[White "Pakenham, John"]
[Black "Patterson, Miles"]
[Result "0-1"]
[ECO "A57"]
[WhiteElo "1624"]
[BlackElo "1954"]
[Annotator "NA"]
[PlyCount "48"]
[EventDate "2020.01.14"]
[EventType "swiss"]
[EventCountry "NZL"]
[SourceTitle "playchess.com"]
[Source "ChessBase"]
[SourceQuality "1"]
[TimeControl "40/5400+30:1800+30"]

1. d4 Nf6 2. c4 c5 3. d5 b5 4. cxb5 a6 5. g3 g6 6. Bg2 d6 7. e4 Bg7 8. Ne2 axb5 9. O-O O-O 10. Na3 Ba6 11. Qc2 Nbd7 12. h3 Rb8 13. Rb1 Nb6 14. b3 Nfd7 15. Bb2 b4 16. Bxg7 Kxg7 17. Nc4 Nxc4 18. bxc4 Nb6 19. Rfc1 Bxc4 20. Nf4 Ra8 21. Ra1 Ra3 22. Ne2 Qa8 23. Qb2+ Kg8 24. Rc2 Bd3 0-1

[Event "127th NZ Congress Major 2020"]
[Site "Tauranga"]
[Date "2020.01.16"]
[Round "1.3"]
[White "Gong, Jie"]
[Black "Tang, Hao"]
[Result "0-1"]
[ECO "A31"]
[WhiteElo "1531"]
[BlackElo "1624"]
[Annotator "NA"]
[PlyCount "72"]
[EventDate "2020.01.14"]
[EventType "swiss"]
[EventCountry "NZL"]
[SourceTitle "playchess.com"]
[Source "ChessBase"]
[SourceQuality "1"]
[TimeControl "40/5400+30:1800+30"]

1. d4 Nf6 2. c4 c5 3. Nf3 cxd4 4. Qxd4 Nc6 5. Qd1 g6 6. Nc3 Bg7 7. e3 O-O 8. Be2 d6 9. O-O Bf5 10. Bd3 Bg4 11. Be2 a6 12. a3 e5 13. h3 Bf5 14. Qb3 Na5 15. Qa2 Rc8 16. b4 Nc6 17. Rd1 Ne8 18. e4 Be6 19. Bg5 Qd7 20. Rac1 Nd4 21. Nd5 Bxd5 22. cxd5 Nxe2+ 23. Qxe2 Nc7 24. Nd2 b5 25. Nb3 f5 26. f3 fxe4 27. Qxe4 Rf5 28. Qe3 Rcf8 29. Kh2 Kh8 30. Na5 Qf7 31. Qa7 Rxg5 32. Qxc7 Rxg2+ 33. Kxg2 Qxf3+ 34. Kh2 Qe2+ 35. Kg1 Qe3+ 36. Kh2 Rf2+ 0-1

[Event "127th NZ Congress Major 2020"]
[Site "Tauranga"]
[Date "2020.01.16"]
[Round "1.4"]
[White "Carpinter, Bernard"]
[Black "Taylor, Stephan James"]
[Result "1/2-1/2"]
[ECO "A21"]
[WhiteElo "1708"]
[BlackElo "1528"]
[Annotator "NA"]
[PlyCount "62"]
[EventDate "2020.01.14"]
[EventType "swiss"]
[EventCountry "NZL"]
[SourceTitle "playchess.com"]
[Source "ChessBase"]
[SourceQuality "1"]
[TimeControl "40/5400+30:1800+30"]

1. Nf3 f5 2. d3 Nf6 3. g3 d6 4. Bg2 e5 5. c4 Be7 6. Nc3 O-O 7. O-O Kh8 8. Rb1 Qe8 9. b4 Qh5 10. Nd5 Nxd5 11. cxd5 f4 12. Qc2 Bd8 13. Rb3 Bf5 14. Qc4 Nd7 15. Rb2 Nf6 16. gxf4 exf4 17. Bxf4 Bh3 18. Bg3 Bxg2 19. Kxg2 Qxd5 20. Qxd5 Nxd5 21. Nd4 Bf6 22. e3 Bxd4 23. exd4 Nf4+ 24. Kg1 Nxd3 25. Rb3 Nf4 26. Re1 Nd5 27. b5 b6 28. Kg2 Kg8 29. Ra3 Nf4+ 30. Bxf4 Rxf4 31. Re7 Rf7 1/2-1/2

[Event "127th NZ Congress Major 2020"]
[Site "Tauranga"]
[Date "2020.01.16"]
[Round "1.5"]
[White "Hooton, Barry R"]
[Black "McDougall, Euan"]
[Result "0-1"]
[ECO "E12"]
[WhiteElo "1474"]
[BlackElo "1679"]
[Annotator "NA"]
[PlyCount "64"]
[EventDate "2020.01.14"]
[EventType "swiss"]
[EventCountry "NZL"]
[SourceTitle "playchess.com"]
[Source "ChessBase"]
[SourceQuality "1"]
[TimeControl "40/5400+30:1800+30"]

1. d4 Nf6 2. c4 e6 3. Nc3 b6 4. Bg5 Bb7 5. Nf3 c5 6. e3 Be7 7. Bd3 O-O 8. O-O cxd4 9. exd4 d5 10. cxd5 Nxd5 11. Bxe7 Qxe7 12. Bc4 Nxc3 13. bxc3 Rc8 14. Qd3 Nd7 15. Bb3 Rc7 16. Rac1 Rac8 17. Qe3 Qf6 18. Rfd1 Bxf3 19. gxf3 Qg6+ 20. Kf1 Nf6 21. Ke2 Qh5 22. Rg1 Nd5 23. Bxd5 Qxd5 24. Rc2 Qa5 25. Rgc1 b5 26. Qd2 Qa4 27. Ke1 Qc4 28. h4 Qd5 29. Qf4 Rc4 30. Qe4 Qd7 31. Kd2 b4 32. cxb4 Rxd4+ 0-1

[Event "127th NZ Congress Major 2020"]
[Site "Tauranga"]
[Date "2020.01.16"]
[Round "2.1"]
[White "Patterson, Miles"]
[Black "Zhang, Boyuan"]
[Result "1-0"]
[ECO "A27"]
[WhiteElo "1954"]
[BlackElo "1588"]
[Annotator "NA"]
[PlyCount "133"]
[EventDate "2020.01.14"]
[EventType "swiss"]
[EventCountry "NZL"]
[SourceTitle "playchess.com"]
[Source "ChessBase"]
[SourceQuality "1"]
[TimeControl "40/5400+30:1800+30"]

1. c4 e5 2. Nc3 Nc6 3. Nf3 f5 4. d4 e4 5. Ng5 Be7 6. Nh3 Nf6 7. e3 O-O 8. Nf4 b6 9. Ncd5 Nb4 10. Nxb4 Bxb4+ 11. Bd2 Bxd2+ 12. Qxd2 g5 13. Ne2 d5 14. Nc3 Bb7 15. h4 h6 16. hxg5 hxg5 17. cxd5 Nxd5 18. Bc4 Kg7 19. O-O-O Nxc3 20. Qxc3 Bd5 21. Bxd5 Qxd5 22. Qxc7+ Rf7 23. Qh2 Qc6+ 24. Kb1 Qg6 25. Qe5+ Qf6 26. Qxf6+ Rxf6 27. Rc1 Rf7 28. Rh5 Kg6 29. Rch1 Raf8 30. Rh6+ Kg7 31. g3 f4 32. gxf4 gxf4 33. Re6 fxe3 34. fxe3 Rf2 35. Rg1+ Kh7 36. Rxe4 Rh2 37. Re5 a6 38. Re6 b5 39. Re1 Rff2 40. Rxa6 Rxb2+ 41. Ka1 Kg7 42. e4 Rhd2 43. Rc1 Rbc2 44. Rxc2 Rxc2 45. a3 Rc4 46. Rd6 Kf7 47. Kb2 Ke7 48. e5 Ke8 49. d5 Ke7 50. Rb6 Rc5 51. Rd6 Rc4 52. Kb3 Re4 53. Re6+ Kd7 54. Kc3 Ra4 55. Rb6 Rxa3+ 56. Kb4 Re3 57. Rd6+ Ke7 58. Re6+ Kd7 59. Kxb5 Rc3 60. Rd6+ Ke7 61. Rc6 Re3 62. e6 Re1 63. Rc7+ Kd8 64. Rd7+ Ke8 65. Kc6 Ra1 66. Rb7 Ra6+ 67. Rb6 1-0

[Event "127th NZ Congress Major 2020"]
[Site "Tauranga"]
[Date "2020.01.16"]
[Round "2.3"]
[White "Tang, Hao"]
[Black "Perrin, Brent"]
[Result "1-0"]
[ECO "A80"]
[WhiteElo "1624"]
[BlackElo "1804"]
[Annotator "NA"]
[PlyCount "109"]
[EventDate "2020.01.14"]
[EventType "swiss"]
[EventCountry "NZL"]
[SourceTitle "playchess.com"]
[Source "ChessBase"]
[SourceQuality "1"]
[TimeControl "40/5400+30:1800+30"]

1. d4 e6 2. Nf3 f5 3. Bf4 Nf6 4. e3 Be7 5. Bd3 Ne4 6. Nbd2 d5 7. O-O O-O 8. c4 c6 9. h3 Bd6 10. Ne5 Nxd2 11. Qxd2 g5 12. Bh2 Nd7 13. f4 Nxe5 14. dxe5 Bc7 15. cxd5 cxd5 16. fxg5 Bd7 17. h4 Qe8 18. Qe2 a6 19. h5 Bb5 20. Bxb5 Qxb5 21. Qxb5 axb5 22. a3 Bb6 23. Bf4 Rfc8 24. Rac1 Rc4 25. Rxc4 bxc4 26. Rc1 Kf7 27. Kf2 Rg8 28. Kf3 Bd8 29. b3 b5 30. a4 bxa4 31. bxc4 dxc4 32. Rxc4 a3 33. Ra4 Be7 34. e4 Rb8 35. exf5 Rb3+ 36. Ke4 Rb4+ 37. Rxb4 exf5+ 38. Kxf5 Bxb4 39. Bc1 a2 40. Bb2 Be7 41. e6+ Kg8 42. h6 Bf8 43. g4 Be7 44. g6 Bf8 45. gxh7+ Kxh7 46. g5 Be7 47. Ba1 Bd8 48. Kg4 Kg6 49. Bb2 Be7 50. h7 Kxh7 51. Kh5 Bf8 52. g6+ Kg8 53. Kg5 Bg7 54. e7 Bf6+ 55. Kxf6 1-0

[Event "127th NZ Congress Major 2020"]
[Site "Tauranga"]
[Date "2020.01.16"]
[Round "2.4"]
[White "McDougall, Euan"]
[Black "Deng, Abraham"]
[Result "1-0"]
[ECO "B50"]
[WhiteElo "1679"]
[BlackElo "1558"]
[Annotator "NA"]
[PlyCount "61"]
[EventDate "2020.01.14"]
[EventType "swiss"]
[EventCountry "NZL"]
[SourceTitle "playchess.com"]
[Source "ChessBase"]
[SourceQuality "1"]
[TimeControl "40/5400+30:1800+30"]

1. e4 c5 2. Nf3 Nc6 3. b3 d6 4. Bb2 Nf6 5. Qe2 e5 6. c3 Bg4 7. h3 Bh5 8. d3 Be7 9. Nbd2 a6 10. Qe3 O-O 11. d4 Re8 12. dxe5 dxe5 13. Ba3 Rc8 14. Bd3 b5 15. O-O Qa5 16. Bb2 Rcd8 17. a4 b4 18. Nc4 Qc7 19. cxb4 Bxf3 20. Qxf3 cxb4 21. Rac1 Nd4 22. Bxd4 Rxd4 23. Rfd1 Bc5 24. Ne3 Red8 25. Nf5 R4d7 26. Kh2 Qb6 27. Rc2 Bxf2 28. Rxf2 Nxe4 29. Bxe4 Rxd1 30. Nh6+ gxh6 31. Qxf7+ 1-0

[Event "127th NZ Congress Major 2020"]
[Site "Tauranga"]
[Date "2020.01.16"]
[Round "2.5"]
[White "Han, Allan"]
[Black "Dai, Oliver"]
[Result "0-1"]
[ECO "A51"]
[WhiteElo "1305"]
[BlackElo "1737"]
[Annotator "NA"]
[PlyCount "74"]
[EventDate "2020.01.14"]
[EventType "swiss"]
[EventCountry "NZL"]
[SourceTitle "playchess.com"]
[Source "ChessBase"]
[SourceQuality "1"]
[TimeControl "40/5400+30:1800+30"]

1. d4 Nf6 2. c4 e5 3. Bg5 exd4 4. Qxd4 Be7 5. Nc3 Nc6 6. Qd2 O-O 7. Nf3 d6 8. e3 Bf5 9. Bd3 Bxd3 10. Qxd3 Nd7 11. Bxe7 Nxe7 12. O-O Ng6 13. b3 Re8 14. Qd5 Rb8 15. Rfd1 Nf6 16. Qd4 a6 17. Rd2 Ne5 18. Nxe5 dxe5 19. Qxd8 Rbxd8 20. Rad1 Rxd2 21. Rxd2 Kf8 22. f3 e4 23. fxe4 Nxe4 24. Nxe4 Rxe4 25. Kf2 Ke7 26. Rd4 Re5 27. b4 c5 28. bxc5 Rxc5 29. Rd5 Rxc4 30. Ke2 Rc2+ 31. Rd2 Rxd2+ 32. Kxd2 Kd6 33. Kd3 Ke5 34. g4 g6 35. h3 f5 36. e4 fxe4+ 37. Ke3 g5 0-1

[Event "127th NZ Congress Major 2020"]
[Site "Tauranga"]
[Date "2020.01.16"]
[Round "3.1"]
[White "Dai, Oliver"]
[Black "Patterson, Miles"]
[Result "1/2-1/2"]
[ECO "C06"]
[WhiteElo "1737"]
[BlackElo "1954"]
[Annotator "NA"]
[PlyCount "65"]
[EventDate "2020.01.14"]
[EventType "swiss"]
[EventCountry "NZL"]
[SourceTitle "playchess.com"]
[Source "ChessBase"]
[SourceQuality "1"]
[TimeControl "40/5400+30:1800+30"]

1. e4 e6 2. d4 d5 3. Nd2 Nf6 4. e5 Nfd7 5. Bd3 c5 6. c3 Nc6 7. Ngf3 g6 8. O-O Bg7 9. Re1 O-O 10. Bf1 cxd4 11. cxd4 f6 12. exf6 Nxf6 13. Nb3 b6 14. Bg5 Qd6 15. Bxf6 Bxf6 16. Rc1 Bd7 17. Bb5 Rac8 18. Qe2 Rfe8 19. a3 Kg7 20. Bxc6 Rxc6 21. Ne5 Rxc1 22. Rxc1 Ba4 23. Nd2 Bxe5 24. Qxe5+ Qxe5 25. dxe5 Re7 26. Nf3 h6 27. Nd4 Kf7 28. b3 Be8 29. f4 Rb7 30. Kf2 Bd7 31. g4 a6 32. h4 Ra7 33. Ke3 1/2-1/2

[Event "127th NZ Congress Major 2020"]
[Site "Tauranga"]
[Date "2020.01.16"]
[Round "3.2"]
[White "Gold, Hamish"]
[Black "Tang, Hao"]
[Result "0-1"]
[ECO "A45"]
[WhiteElo "1670"]
[BlackElo "1624"]
[Annotator "NA"]
[PlyCount "82"]
[EventDate "2020.01.14"]
[EventType "swiss"]
[EventCountry "NZL"]
[SourceTitle "playchess.com"]
[Source "ChessBase"]
[SourceQuality "1"]
[TimeControl "40/5400+30:1800+30"]

1. e3 Nf6 2. d4 e6 3. f4 c5 4. Nf3 Nc6 5. c3 b6 6. Bd3 Bb7 7. O-O Be7 8. Nbd2 d5 9. Ne5 O-O 10. Rf3 Nxe5 11. fxe5 Ne4 12. Rh3 f5 13. Bxe4 fxe4 14. Qh5 h6 15. Qg6 Kh8 16. Rg3 Rg8 17. Qxe6 Qf8 18. Qd7 Rb8 19. Nf1 Bh4 20. Bd2 Bxg3 21. Nxg3 Qe8 22. Qc7 Rf8 23. Rf1 Rxf1+ 24. Kxf1 Ba6+ 25. Kg1 Rb7 26. Qd6 Rd7 27. Qc6 Rd8 28. Qc7 Qd7 29. Qxd7 Rxd7 30. h3 Rf7 31. Be1 g6 32. Kh2 Kg7 33. h4 Kf8 34. Nh1 Rf1 35. Bg3 Rb1 36. Bf4 h5 37. Nf2 Bc8 38. Kg3 Rxb2 39. Nh3 Bxh3 40. gxh3 Rxa2 41. Bg5 Kf7 0-1

[Event "127th NZ Congress Major 2020"]
[Site "Tauranga"]
[Date "2020.01.16"]
[Round "3.3"]
[White "Ashe, Michael"]
[Black "McDougall, Euan"]
[Result "1-0"]
[ECO "E71"]
[WhiteElo "1460"]
[BlackElo "1679"]
[Annotator "NA"]
[PlyCount "117"]
[EventDate "2020.01.14"]
[EventType "swiss"]
[EventCountry "NZL"]
[SourceTitle "playchess.com"]
[Source "ChessBase"]
[SourceQuality "1"]
[TimeControl "40/5400+30:1800+30"]

1. d4 Nf6 2. c4 c5 3. d5 g6 4. Nc3 Bg7 5. e4 d6 6. Bg5 O-O 7. h3 Qa5 8. Bd2 a6 9. Nf3 Bd7 10. a4 Qc7 11. Bd3 Ne8 12. Qc2 f5 13. exf5 Bxf5 14. Bxf5 Rxf5 15. Ng5 e5 16. dxe6 Qe7 17. Nd5 Qd8 18. Nf7 Rxf7 19. exf7+ Kxf7 20. O-O Nc6 21. Bc3 Nd4 22. Bxd4 Bxd4 23. Rfe1 Nf6 24. Re7+ Kf8 25. Rxb7 Qc8 26. Rc7 Qb8 27. Qe2 Nxd5 28. Rxh7 Kg8 29. Rd7 Nf6 30. Qe6+ Kh8 31. Rxd6 Qe8 32. Rb1 Qxe6 33. Rxe6 Kg7 34. Kf1 a5 35. Rb6 Ne4 36. Rd1 Nxf2 37. Rxd4 cxd4 38. Kxf2 Rd8 39. Ke2 Kh6 40. Rb5 d3+ 41. Kd2 Rd4 42. b3 Rf4 43. Kxd3 Rf2 44. c5 Rxg2 45. c6 Rg3+ 46. Kc4 Rg1 47. Kc5 Rf1 48. Kb6 g5 49. c7 g4 50. hxg4 Rf8 51. Kb7 Kg7 52. c8=Q Rf7+ 53. Qc7 Kh8 54. Rxa5 Rf8 55. Ra8 Kg8 56. Rxf8+ Kxf8 57. g5 Kg8 58. g6 Kf8 59. Qf7# 1-0

[Event "127th NZ Congress Major 2020"]
[Site "Tauranga"]
[Date "2020.01.16"]
[Round "3.5"]
[White "Carpinter, Bernard"]
[Black "Pakenham, John"]
[Result "1-0"]
[ECO "D77"]
[WhiteElo "1708"]
[BlackElo "1624"]
[Annotator "NA"]
[PlyCount "93"]
[EventDate "2020.01.14"]
[EventType "swiss"]
[EventCountry "NZL"]
[SourceTitle "playchess.com"]
[Source "ChessBase"]
[SourceQuality "1"]
[TimeControl "40/5400+30:1800+30"]

1. Nf3 Nf6 2. d4 d5 3. g3 g6 4. Bg2 Bg7 5. O-O O-O 6. c4 e6 7. Qc2 dxc4 8. Qxc4 Nbd7 9. Bf4 c6 10. Nc3 Nb6 11. Qb3 Nfd5 12. Bg5 Bf6 13. Bxf6 Qxf6 14. e4 Nc7 15. Rfd1 Rd8 16. a4 Nd7 17. Rac1 b6 18. e5 Qe7 19. Ne4 Nb8 20. a5 Nd5 21. Nd6 Bd7 22. Nd2 b5 23. N2e4 Na6 24. h4 h6 25. Qf3 Kg7 26. Nb7 Rf8 27. Nbc5 Nxc5 28. Nxc5 Be8 29. Qg4 Rb8 30. h5 Qg5 31. Qxg5 hxg5 32. hxg6 Kxg6 33. Be4+ Kg7 34. Kg2 Nc7 35. Rh1 f5 36. exf6+ Kxf6 37. Rh6+ Ke7 38. Rh7+ Rf7 39. Rch1 Nd5 40. Bg6 Nf6 41. Rh8 Rg7 42. Bxe8 Nxe8 43. R1h6 b4 44. Rxe6+ Kf7 45. Rxc6 Rb5 46. Nb3 Rf5 47. Ra6 1-0

[Event "127th NZ Congress Major 2020"]
[Site "Tauranga"]
[Date "2020.01.17"]
[Round "4.1"]
[White "Tang, Hao"]
[Black "Ashe, Michael"]
[Result "1-0"]
[ECO "D43"]
[WhiteElo "1624"]
[BlackElo "1460"]
[Annotator "NA RC"]
[PlyCount "77"]
[EventDate "2020.01.14"]
[EventType "swiss"]
[EventCountry "NZL"]
[SourceTitle "playchess.com"]
[Source "ChessBase"]
[SourceQuality "1"]
[TimeControl "40/5400+30:1800+30"]

1. d4 Nf6 2. Nf3 e6 3. Bf4 d5 4. c4 c6 5. Nc3 Bb4 6. e3 Ne4 7. Qb3 Bxc3+ 8. bxc3 O-O 9. cxd5 cxd5 10. Bd3 Nf6 11. h3 b6 12. O-O Ba6 13. Bxa6 Nxa6 14. Ne5 Nb8 15. c4 Nbd7 16. Nc6 Qe8 17. Bd6 Kh8 18. Bxf8 Qxf8 19. cxd5 Nxd5 20. e4 N5f6 21. Rfe1 Qc8 22. Rac1 Qb7 23. d5 Re8 24. d6 Qa8 25. e5 Nd5 26. Qa4 Nc5 27. Rxc5 bxc5 28. d7 Rf8 29. Qa5 Nb6 30. d8=Q Rxd8 31. Nxd8 Qxd8 32. Qxc5 h6 33. Rc1 Kg8 34. Qd6 Qg5 35. Rb1 Nc4 36. Rb8+ Kh7 37. Qd3+ g6 38. Qxc4 Qxe5 39. Rb1 1-0

[Event "127th NZ Congress Major 2020"]
[Site "Tauranga"]
[Date "2020.01.17"]
[Round "4.2"]
[White "Patterson, Miles"]
[Black "Carpinter, Bernard"]
[Result "1/2-1/2"]
[ECO "A34"]
[WhiteElo "1954"]
[BlackElo "1708"]
[Annotator "NA RC"]
[PlyCount "87"]
[EventDate "2020.01.14"]
[EventType "swiss"]
[EventCountry "NZL"]
[SourceTitle "playchess.com"]
[Source "ChessBase"]
[SourceQuality "1"]
[TimeControl "40/5400+30:1800+30"]

1. c4 c5 2. Nf3 Nf6 3. Nc3 d5 4. cxd5 Nxd5 5. Nxd5 Qxd5 6. g3 Nc6 7. Bg2 e5 8. d3 Be7 9. O-O Be6 {[%emt 0:00:55] A34: Symmetrical English: 2 Nc3, lines with ...d5} (9... O-O 10. Be3 Qe6 11. Rc1 Nd4 12. a3 Bd7 13. Nxd4 exd4 14. Bd2 Rac8 15. e3 dxe3 16. Bxe3 Bc6 17. Bxc6 Rxc6 18. Qa4 a6 {0-1 (36) Zhigalko,A (2566)-Le,Q (2664) Moscow 2011}) 10. Ng5 $146 ({Predecessor:} 10. e4 Qd7 11. b3 O-O 12. Rb1 Rad8 13. Bb2 f6 14. Ne1 Nb4 15. a3 Nxd3 16. Nxd3 Qxd3 17. Qxd3 Rxd3 {0-1 (29) Kotula,K-Dudel,M Kolobrzeg 2001}) 10... Qd7 11. Nxe6 Qxe6 12. Qa4 Rc8 13. Be3 O-O 14. Rac1 b6 15. a3 (15. Bxc6 $5 Rxc6 16. Qxa7 $14) 15... a5 16. Bxc6 Qxc6 17. Qxc6 Rxc6 18. b4 axb4 19. axb4 Rfc8 20. bxc5 Bxc5 21. Bxc5 Rxc5 22. Rb1 Rb8 23. Rb2 Kf8 24. Rfb1 Rc6 25. f4 exf4 26. gxf4 Rg6+ 27. Kf2 Rh6 28. Kg3 f5 (28... Rg6+ $11 29. Kf3 Rh6) 29. Rb5 Rf6 30. Kf3 g6 31. h4 Ke8 32. h5 Kd8 33. hxg6 hxg6 34. e4 fxe4+ 35. dxe4 Kc7 36. e5 Rc6 37. Kg4 Rf8 {[%emt 0:02:45] [#]} 38. R1b4 (38. R5b4 $1 $16) 38... Rf5 39. Rd5 Rc1 $11 40. Rd3 Rg1+ 41. Rg3 Rxg3+ 42. Kxg3 g5 43. Kg4 Rxf4+ 44. Rxf4 1/2-1/2

[Event "127th NZ Congress Major 2020"]
[Site "Tauranga"]
[Date "2020.01.17"]
[Round "4.3"]
[White "McDougall, Euan"]
[Black "Dai, Oliver"]
[Result "0-1"]
[ECO "B11"]
[WhiteElo "1679"]
[BlackElo "1737"]
[Annotator "NA RC"]
[PlyCount "32"]
[EventDate "2020.01.14"]
[EventType "swiss"]
[EventCountry "NZL"]
[SourceTitle "playchess.com"]
[Source "ChessBase"]
[SourceQuality "1"]
[TimeControl "40/5400+30:1800+30"]

1. e4 c6 2. f4 d5 3. Nc3 dxe4 4. Nxe4 Nf6 5. Nxf6+ exf6 6. Bc4 Bd6 7. d3 O-O 8. h3 Re8+ 9. Ne2 Bc5 10. d4 Bxd4 11. c3 Bb6 12. Qb3 Be6 13. Bd2 Na6 14. f5 Bxc4 15. Qxc4 Nc5 16. Qd4 Nd3+ 0-1

[Event "127th NZ Congress Major 2020"]
[Site "Tauranga"]
[Date "2020.01.17"]
[Round "4.5"]
[White "Deng, Abraham"]
[Black "Gold, Hamish"]
[Result "0-1"]
[ECO "B00"]
[WhiteElo "1558"]
[BlackElo "1683"]
[Annotator "NA"]
[PlyCount "140"]
[EventDate "2020.01.14"]
[EventType "swiss"]
[EventCountry "NZL"]
[SourceTitle "playchess.com"]
[Source "ChessBase"]
[SourceQuality "1"]
[TimeControl "40/5400+30:1800+30"]

1. e4 Nc6 2. Nf3 f5 3. Nc3 d6 4. d4 fxe4 5. Nxe4 Bf5 6. Ng3 Bg6 7. Bc4 d5 8. Bb5 Qd6 9. O-O O-O-O 10. Re1 Nf6 11. c3 Ne4 12. Nxe4 dxe4 13. Bxc6 Qxc6 14. Ne5 Qd6 15. Qg4+ e6 16. Nxg6 hxg6 17. Bf4 Qd5 18. Be5 Bd6 19. Rxe4 Kb8 20. Bxd6 Qxd6 21. h3 Qb6 22. b3 Qa5 23. Re3 a6 24. Qxg6 c5 25. Qxg7 cxd4 26. cxd4 Ka8 27. Rxe6 Rhg8 28. Qe5 Qc3 29. Re1 Qxh3 30. Qh2 Qc3 31. Qe5 Qh3 32. Qh2 Qc3 33. d5 Rh8 34. Qe5 Qc2 35. Qe2 Qh7 36. f3 Qh2+ 37. Kf2 Qh4+ 38. Ke3 Rxd5 39. Rxa6+ Kb8 40. Ra4 Qg5+ 41. Kf2 Rd2 42. Qxd2 Qxd2+ 43. Re2 Qg5 44. Rc4 Rg8 45. Kf1 Rd8 46. Ke1 Qg3+ 47. Rf2 Qd6 48. Re2 Qh2 49. Kf1 Rd1+ 50. Kf2 Rd8 51. Kf1 Qg3 52. Rf2 Qe5 53. Re2 Qf6 54. Ke1 Qb6 55. Ree4 Qg1+ 56. Ke2 Qxg2+ 57. Ke1 Qd2+ 58. Kf1 Rh8 59. Rh4 Rf8 60. Rh3 Rd8 61. Re4 Qxa2 62. f4 Rg8 63. Rhe3 Qb1+ 64. Re1 Qd3+ 65. Kf2 Qg3+ 66. Ke2 Qxb3 67. Kd2 Rd8+ 68. Kc1 Qc3+ 69. Kb1 Rd2 70. Re8+ Ka7 0-1

[Event "127th NZ Congress Major 2020"]
[Site "Tauranga"]
[Date "2020.01.18"]
[Round "5.1"]
[White "Dai, Oliver"]
[Black "Tang, Hao"]
[Result "1-0"]
[ECO "C05"]
[WhiteElo "1737"]
[BlackElo "1624"]
[Annotator "NA RC"]
[PlyCount "75"]
[EventDate "2020.01.14"]
[EventType "swiss"]
[EventCountry "NZL"]
[SourceTitle "playchess.com"]
[Source "ChessBase"]
[SourceQuality "1"]
[TimeControl "40/5400+30:1800+30"]

1. e4 e6 2. d4 d5 3. Nd2 Nf6 4. e5 Nfd7 5. Bd3 b6 6. Ngf3 Ba6 7. Bxa6 Nxa6 8. O-O c5 9. c3 Be7 10. b3 cxd4 11. Nxd4 Rc8 12. Bb2 Nac5 13. Qe2 O-O 14. f4 g6 15. Kh1 Qc7 16. c4 Qb7 17. Rad1 Rfd8 18. cxd5 Qxd5 19. Nc4 Qe4 20. Qd2 Nb8 21. Rfe1 Qb7 22. Qe3 b5 23. Nd6 Bxd6 24. exd6 Rxd6 25. Nxb5 Rxd1 26. Rxd1 Qe4 27. Qxc5 Qe1+ 28. Rxe1 Rxc5 29. Rc1 Rxc1+ 30. Bxc1 Nc6 31. Be3 a6 32. Nc7 a5 33. Kg1 Kf8 34. Bc5+ Kg7 35. Ne8+ Kh6 36. Bf8+ Kh5 37. Nf6+ Kh4 38. Bc5 1-0

[Event "127th NZ Congress Major 2020"]
[Site "Tauranga"]
[Date "2020.01.18"]
[Round "5.2"]
[White "Perrin, Brent"]
[Black "Patterson, Miles"]
[Result "0-1"]
[ECO "C06"]
[WhiteElo "1804"]
[BlackElo "1954"]
[Annotator "NA RC"]
[PlyCount "99"]
[EventDate "2020.01.14"]
[EventType "swiss"]
[EventCountry "NZL"]
[SourceTitle "playchess.com"]
[Source "ChessBase"]
[SourceQuality "1"]
[TimeControl "40/5400+30:1800+30"]

1. e4 e6 2. d4 d5 3. Nd2 Nf6 4. e5 Nfd7 5. Bd3 c5 6. c3 Nc6 7. Ngf3 g6 8. h4 h6 {[%emt 0:02:25] C06: French Tarrasch: 3...Nf6 4 e5 Nfd7 5 Bd3 main lines} 9. Bc2 (9. Qe2 Bg7 10. a3 a5 11. Qe3 b6 12. Nf1 Ba6 13. Bxa6 Rxa6 14. N1h2 Ra7 15. Ng4 a4 16. Qf4 {0-1 (53) Guseinov,G (2646)-Socko,B (2593) Riadh 2017}) 9... b6 10. O-O Ba6 11. Re1 cxd4 12. cxd4 Be7 $146 ({Predecessor:} 12... Nb4 13. Nb1 Qc7 14. Nc3 Nxc2 15. Qxc2 O-O-O 16. Bf4 {1-0 (57) Gopal,G (2528)-Ghane Gardeh,S (2442) Vishakapatnam 2008}) 13. a3 Na5 14. b3 Rc8 15. Bb2 Nb8 16. Rc1 O-O {[%emt 0:04:18] [#]} ({Black should play} 16... Bxh4 $14 17. Nxh4 Qxh4) 17. h5 $1 g5 18. Nf1 Kg7 19. Ne3 Rc7 20. Ng4 Nd7 21. Qd2 Rh8 22. Qe3 Qf8 23. Bb1 Rxc1 24. Rxc1 Qd8 25. Nd2 Qb8 26. Kh2 (26. Qf3 $16) 26... f5 27. f3 $2 (27. Bd3 $11 Bc8 28. b4) 27... Rc8 $2 (27... fxg4 $19 28. Bd3 b5) 28. Nf2 Rxc1 29. Bxc1 Qc8 30. Bb2 Nf8 31. g4 f4 32. Qe1 Bb5 33. Nd3 Nb7 34. Qd1 a5 35. Bc2 Ba6 36. Nb1 Qc6 37. a4 Nd8 38. Ba3 $2 (38. Kg2 $11) 38... Bxa3 39. Nxa3 Qc3 40. Nc1 Nc6 41. Nb5 Bxb5 42. axb5 Nxd4 {[%emt 0:00:33] Double Attack} 43. Bb1 Nxf3+ $19 44. Kh1 Qe1+ 45. Qxe1 Nxe1 46. Ne2 Nf3 47. Bc2 Nxe5 48. b4 axb4 49. Nd4 Nxg4 50. Nc6 0-1

[Event "127th NZ Congress Major 2020"]
[Site "Tauranga"]
[Date "2020.01.18"]
[Round "5.3"]
[White "Gold, Hamish"]
[Black "Taylor, Stephan James"]
[Result "1-0"]
[ECO "A80"]
[WhiteElo "1683"]
[BlackElo "1528"]
[Annotator "NA RC"]
[PlyCount "39"]
[EventDate "2020.01.14"]
[EventType "swiss"]
[EventCountry "NZL"]
[SourceTitle "playchess.com"]
[Source "ChessBase"]
[SourceQuality "1"]
[TimeControl "40/5400+30:1800+30"]

1. e3 e6 2. d4 b6 3. f4 Bb7 4. Nf3 f5 5. Bd3 Nf6 6. O-O Be7 7. Nbd2 O-O 8. b3 d6 9. Bb2 Nbd7 10. Rc1 Qe8 11. Ng5 Nd5 12. Qe2 Bxg5 13. fxg5 Nb4 14. a3 Nxd3 15. cxd3 c5 16. e4 f4 17. Qg4 e5 18. Nc4 Qe7 19. d5 Bc8 20. Qe6+ 1-0

[Event "127th NZ Congress Major 2020"]
[Site "Tauranga"]
[Date "2020.01.17"]
[Round "5.4"]
[White "Ashe, Michael"]
[Black "Knightbridge, Wayne"]
[Result "0-1"]
[ECO "D36"]
[WhiteElo "1460"]
[BlackElo "1676"]
[Annotator "NA RC"]
[PlyCount "177"]
[EventDate "2020.01.14"]
[EventType "swiss"]
[EventCountry "NZL"]
[SourceTitle "playchess.com"]
[Source "ChessBase"]
[SourceQuality "1"]
[TimeControl "40/5400+30:1800+30"]

1. d4 d5 2. c4 e6 3. Nc3 Nf6 4. cxd5 exd5 5. Bg5 Be7 6. e3 O-O 7. Bd3 c6 8. Qc2 Nbd7 9. Nf3 Re8 10. O-O h6 11. Bh4 Ne4 12. Bxe7 Qxe7 13. Rab1 Nxc3 14. bxc3 b5 15. Nd2 Qg5 16. e4 Nb6 17. exd5 Nxd5 18. Ne4 Qh5 19. Rbe1 Be6 20. Nc5 Nf4 21. Nxe6 Nxd3 22. Qxd3 Rxe6 23. Rxe6 fxe6 24. Qe4 Qd5 25. Qe2 Rf8 26. Re1 Rf6 27. Qc2 Qc4 28. g3 Rf8 29. Rb1 Rf3 30. Rc1 Qd3 31. Qb3 Qc4 32. Qxc4 bxc4 33. Kf1 Rd3 34. Ke2 Kh7 35. f4 Kg6 36. Rc2 Kf5 37. Kf2 Rd1 38. Re2 Kf6 39. Rc2 Rd3 40. Ke2 Ke7 41. a4 Kd6 42. a5 Kc7 43. Rb2 Rxc3 44. Kd1 Ra3 45. Rc2 Rxa5 46. Rxc4 Ra2 47. Rc3 g6 48. h4 a5 49. Kc1 Kd6 50. Kb1 Ra4 51. h5 gxh5 52. Rc5 Rb4+ 53. Ka2 Rb5 54. Rc2 Rb4 55. Rc5 Rb5 56. Rc2 h4 57. gxh4 Rb4 58. Rc5 Rb5 59. Rc2 Rf5 60. Rf2 Kd5 61. Kb3 Kxd4 62. Rd2+ Kc5 63. Rc2+ Kd6 64. Rd2+ Ke7 65. Rd4 Kf6 66. Rc4 c5 67. Ka4 Kg6 68. Re4 Kh5 69. Rxe6 Rxf4+ 70. Kxa5 c4 71. Kb4 Rxh4 72. Kc3 Kg4 73. Kxc4 Kf5+ 74. Kd5 h5 75. Re5+ Kf4 76. Re4+ Kg3 77. Re8 Rf4 78. Ke5 h4 79. Rg8+ Rg4 80. Ra8 h3 81. Ra3+ Kh4 82. Ra2 Rg2 83. Ra4+ Kg3 84. Ra3+ Kh2 85. Ra1 Rf2 86. Ra8 Kg1 87. Ke4 h2 88. Rg8+ Rg2 89. Rh8 0-1